 Dungeon Crawl Stone Soup version 0.21.1-1-g345015f (webtiles) character file.

12973 glosham the Martial Artist (level 12, -10/60 HPs)
             Began as a Vine Stalker Hunter on May 31, 2018.
             Was the Champion of Cheibriados.
             Mangled by an orc warlord
             ... wielding a +3 long sword of venom
              (21 damage)
             ... on level 2 of the Orcish Mines.
             The game lasted 02:26:27 (6499 turns).

glosham the Martial Artist (Vine Stalker Hunter)    Turns: 6499, Time: 02:26:27

Health: -10/60     AC: 12    Str: 29    XL:     12   Next: 1%
Magic:  0/20       EV: 20    Int: 30    God:    Cheibriados [******]
Gold:   820        SH:  0    Dex: 37    Spells: 16/20 levels left

rFire    . . .     SeeInvis .     - Unarmed
rCold    + . .     Gourm    .   (no shield)
rNeg     . . .     Faith    +   X - +1 ring mail {rC+}
rPois    .         Spirit   +   U - +0 helmet
rElec    .         Reflect  .   Y - +0 cloak
rCorr    .         Harm     .   (no gloves)
MR       +++..                  W - +2 pair of boots
Stlth    +++.......             z - amulet of faith {!P}
HPRegen  1.00/turn              A - ring of protection from magic
MPRegen  0.17/turn              B - ring of protection from magic

@: agile, lethally poisoned (-10 -> -19), very slow
A: fangs 3, regeneration 2, magic shield, antimagic bite, no potion heal 3, rot
immunity
a: Bend Time, Temporal Distortion, Slouch, Step From Time, Renounce Religion


You were on level 2 of the Orcish Mines.
You worshipped Cheibriados.
Cheibriados was exalted by your worship.
You were not hungry.

You visited 3 branches of the dungeon, and saw 13 of its levels.

You collected 820 gold pieces.

Inventory:

Hand Weapons
 b - a +2 hand crossbow of freezing
 c - a +0 blowgun
 C - a +1 demon trident of draining
Missiles
 a - 49 bolts
 d - 5 tomahawks of dispersal (quivered)
 l - a throwing net
Armour
 i - a +1 leather armour of cold resistance
 s - a +0 plate armour
 v - a +1 robe of cold resistance
 S - the +0 robe of Indemnity {rF+ rCorr Str-5}
   (You found it on level 8 of the Dungeon)

   It affects your strength (-5).
   It protects you from fire.
   It protects you from acid and corrosion.
 U - a +0 helmet (worn)
 W - a +2 pair of boots (worn)
 X - a +1 ring mail of cold resistance (worn)
 Y - a +0 cloak (worn)
Magical Staves
 y - an uncursed staff of cold
Jewellery
 t - a +5 amulet of reflection {unknown}
 z - an amulet of faith (around neck) {!P}
 A - a ring of protection from magic (left hand)
 B - a ring of protection from magic (right hand)
 I - an uncursed ring of see invisible
 M - an uncursed ring of wizardry
 N - an uncursed ring of positive energy
 O - an uncursed ring of positive energy
Wands
 h - a wand of enslavement (5)
 u - a wand of disintegration (5)
Scrolls
 g - 2 scrolls of immolation
 k - 3 scrolls of teleportation
 o - 3 scrolls of remove curse
Potions
 j - 2 potions of mutation {!q}
 p - 2 potions of flight
 q - 2 potions of ambrosia
 r - 9 potions of curing
 x - a potion of agility
Miscellaneous
 f - a lightning rod (2/4)
Comestibles
 e - 20 rations


   Skills:
 - Level 5.4 Fighting
 - Level 3.6 Crossbows
 - Level 4.7 Armour
 - Level 3.5 Dodging
 - Level 1.2 Stealth
 - Level 13.4 Unarmed Combat
 * Level 4.7 Spellcasting
 * Level 4.7 Summonings
 - Level 4.0 Air Magic
 - Level 3.7 Invocations


You had 16 spell levels left.
You knew the following spells:

 Your Spells              Type           Power        Failure   Level  Hunger
z - Summon Lightning Spi  Summ/Air       ####....     14%         4    ###....


Dungeon Overview and Level Annotations

Branches:
Dungeon (10/15)            Temple (1/1) D:4            Lair (0/6) D:8
    Orc (2/2) D:10            Elf (0/3) Orc:2

Altars:
Ashenzari
Cheibriados
Dithmenos
Fedhas
Gozag
Hepliaklqana
Kikubaaqudgha
Okawaru
Ru
Trog
Uskayaw
Vehumet
Wu Jian
Xom
Yredelemnul
The Shining One
Beogh

Annotations:
D:5 rock vault


Innate Abilities, Weirdness & Mutations

You have razor-sharp teeth.
You heal very quickly.
When hurt, damage is shared between your health and your magic reserves.
Your bite disrupts and absorbs the magic of your enemies.
Potions cannot restore your health.
You are immune to rotting.


Message History

You hit the orc warlord but do no damage.
You bite the orc warlord. You drain its power.
The orc warlord is severely wounded.
You feel sick.
You punch the orc warlord!
You bite the orc warlord, but do no damage.
The orc warlord is severely wounded.
The soul eater draws from the surrounding life force!
The orc warlord roars a battlecry!
You hit the orc warlord.
You bite the orc warlord, but do no damage.
The orc warlord is severely wounded.
You feel sick. The orc warlord barely misses you.
You hit the orc warlord.
You bite the orc warlord, but do no damage.
The orc warlord is severely wounded.
You feel sick.
You punch the orc warlord!
You bite the orc warlord, but do no damage.
The orc warlord is almost dead.
The orc warlord roars a battlecry!
You closely miss the orc warlord.
You bite the orc warlord, but do no damage.
The orc warlord is almost dead.
You feel sick.
The orc warlord hits you with a long sword of venom!!
You are more poisoned.
Unknown command.
You hit the orc warlord but do no damage.
You punch the orc warlord.
You bite the orc warlord, but do no damage.
The orc warlord is almost dead.
You feel sick.
The soul eater draws from the surrounding life force!
* * * LOW HITPOINT WARNING * * *
You hit the orc warlord. Your bite misses the orc warlord.
The orc warlord is almost dead.
You feel sick.
The orc warlord hits you with a long sword of venom!!
You die...

. ## ######### #.# .###
#....@oo# o... ...##
#.#####3###))o). ....#
##.#..)#.#.)..oo$ ...#####
##..#.8)#....)))o)
....#..###...'...#....#..o†
........###..#####...## .
.......###.........###
#...##.#.#...#...###
#...#.....#.###..##


You could see an orc warlord, a soul eater and an orc sorcerer.

Vanquished Creatures
  Harold (D:10)
  Fannar (D:10)
  2 two-headed ogres
  Urug (D:10)
  2 orc high priests
  The ghost of olivier the Slasher, a novice HuFi of Fedhas (D:8)
  An orc knight (Orc:1)
  An orc sorcerer (Orc:1)
  Maurice (D:10)
  A troll (Orc:1)
  A hornet (D:10)
  Prince Ribbit (D:8)
  3 hippogriffs
  Sigmund (D:4)
  4 wargs (Orc:2)
  Menkaure (D:4)
  A water moccasin (D:8)
  2 ice beasts
  Purgy (D:4)
  4 sky beasts
  12 orc warriors
  5 ogres
  A boggart (D:8)
  2 necrophages (D:8)
  2 centaurs
  2 big kobolds (D:9)
  3 bullfrogs
  3 scorpions
  4 killer bees (D:10)
  2 howler monkeys (D:10)
  2 crimson imps
  A bullfrog zombie (D:5)
  A centaur zombie (D:9)
  4 jellies
  5 hounds
  7 orc priests
  2 bullfrog skeletons
  3 centaur skeletons
  2 iguanas (D:6)
  11 orc wizards
  9 worker ants
  A howler monkey skeleton (D:4)
  4 gnolls (D:5)
  8 adders
  10 oozes
  An adder skeleton (D:8)
  An adder zombie (D:8)
  4 worms
  A dart slug (D:4)
  The ghost of Iko the Gusty, a weakling VSAE (D:3)
  4 leopard geckos
  34 orcs
  3 ball pythons
  3 bats
  5 giant cockroaches
  5 goblins
  12 hobgoblins
  8 jackals
  7 quokkas
  4 frilled lizards
  A jackal skeleton (D:5)
  20 kobolds
  A quokka skeleton (D:5)
  7 rats
259 creatures vanquished.

Vanquished Creatures (collateral kills)
  2 orc wizards (Orc:2)
  2 orcs (Orc:2)
4 creatures vanquished.

Vanquished Creatures (others)
  A killer bee (D:10)
  An orc wizard (Orc:2)
2 creatures vanquished.

Grand Total: 265 creatures vanquished

Notes
Turn   | Place    | Note
-------+----------+-------------------------------------------
     0 | D:1      | glosham the Vine Stalker Hunter began the quest for the Orb.
     0 | D:1      | Reached XP level 1. HP: 11/11 MP: 2/2
   295 | D:3      | Reached skill level 1 in Unarmed Combat
   295 | D:3      | Reached XP level 2. HP: 15/15 MP: 3/3
   299 | D:3      | Reached skill level 2 in Unarmed Combat
   407 | D:3      | Reached XP level 3. HP: 4/18 MP: 2/4
   475 | D:3      | Noticed Iko's ghost (weakling VSAE)
   498 | D:2      | Reached skill level 3 in Unarmed Combat
   622 | D:3      | Killed Iko's ghost
   660 | D:3      | Gained mutation: Your natural rate of healing is unusually fast. [Vine Stalker growth]
   660 | D:3      | Reached XP level 4. HP: 14/23 MP: 5/5
   672 | D:3      | Found a shadowy altar of Dithmenos.
   712 | D:4      | Noticed Sigmund
   727 | D:4      | Killed Sigmund
   727 | D:4      | Reached skill level 5 in Unarmed Combat
   727 | D:4      | Reached XP level 5. HP: 26/26 MP: 4/6
   792 | D:4      | Reached XP level 6. HP: 24/30 MP: 7/7
   982 | D:4      | Reached skill level 6 in Unarmed Combat
  1056 | D:4      | Noticed Purgy
  1080 | D:4      | Killed Purgy
  1096 | D:4      | Noticed Menkaure
  1104 | D:4      | Killed Menkaure
  1104 | D:4      | Reached skill level 7 in Unarmed Combat
  1104 | D:4      | Reached XP level 7. HP: 34/34 MP: 8/8
  1140 | D:4      | Found a staircase to the Ecumenical Temple.
  1148 | Temple   | Entered the Ecumenical Temple
  1181 | Temple   | Became a worshipper of Cheibriados the Contemplative
  1467 | D:1      | Reached * piety under Cheibriados
  1763 | D:2      | Reached ** piety under Cheibriados
  2399 | D:4      | Reached skill level 8 in Unarmed Combat
  2447 | D:5      | Entered Level 5 of the Dungeon
  2522 | D:6      | Gained mutation: You have razor-sharp teeth. [Vine Stalker growth]
  2522 | D:6      | Reached XP level 8. HP: 38/38 MP: 9/9
  2526 | D:6      | Reached *** piety under Cheibriados
  2618 | D:6      | Reached skill level 9 in Unarmed Combat
  2887 | D:5      | Found a shimmering altar of Xom.
  3146 | D:5      | Reached skill level 2 in Fighting
  3395 | D:7      | Reached **** piety under Cheibriados
  3395 | D:7      | Reached skill level 2 in Dodging
  3395 | D:7      | Reached skill level 10 in Unarmed Combat
  3491 | D:7      | Noticed a hippogriff
  3494 | D:7      | Killed a hippogriff
  3494 | D:7      | Reached skill level 3 in Fighting
  3494 | D:7      | Reached XP level 9. HP: 21/44 MP: 6/10
  3627 | D:6      | Reached skill level 1 in Armour
  3701 | D:6      | Learned a level 4 spell: Summon Lightning Spire
  3822 | D:8      | Noticed olivier's ghost (novice HuFi)
  3879 | D:8      | Killed olivier's ghost
  3879 | D:8      | Reached skill level 3 in Armour
  3879 | D:8      | Reached skill level 11 in Unarmed Combat
  3896 | D:8      | Noticed Prince Ribbit
  3905 | D:8      | Killed Prince Ribbit
  4086 | D:9      | Noticed a two-headed ogre
  4136 | D:9      | Killed a two-headed ogre
  4136 | D:9      | Reached skill level 4 in Armour
  4136 | D:9      | Reached skill level 12 in Unarmed Combat
  4136 | D:9      | Reached XP level 10. HP: 36/49 MP: 8/11
  4145 | D:9      | Reached skill level 3 in Dodging
  4225 | D:9      | Reached ***** piety under Cheibriados
  4264 | D:9      | Found a shattered altar of Ashenzari.
  5061 | D:8      | Identified the +0 robe of Indemnity {rF+ rCorr Str-5} (You found it on level 8 of the Dungeon)
  5068 | D:8      | Found a staircase to the Lair.
  5137 | D:8      | Reached skill level 4 in Fighting
  5397 | D:10     | Entered Level 10 of the Dungeon
  5460 | D:10     | Noticed Fannar
  5465 | D:10     | Reached skill level 1 in Invocations
  5477 | D:10     | Killed Fannar
  5477 | D:10     | Reached skill level 2 in Invocations
  5575 | D:10     | Noticed Maurice
  5583 | D:10     | Killed Maurice
  5583 | D:10     | Reached skill level 13 in Unarmed Combat
  5583 | D:10     | Reached XP level 11. HP: 50/54 MP: 12/14
  5618 | D:10     | Noticed Urug
  5632 | D:10     | Killed Urug
  5632 | D:10     | Reached skill level 5 in Fighting
  5632 | D:10     | Reached skill level 3 in Invocations
  5757 | D:10     | Identified a +1 pair of boots of running (You found it on level 10 of the Dungeon)
  5796 | D:10     | Noticed Harold
  5814 | D:10     | Killed Harold
  5910 | D:10     | Found a staircase to the Orcish Mines.
  5916 | Orc:1    | Entered Level 1 of the Orcish Mines
  5920 | Orc:1    | Noticed an orc knight
  5931 | Orc:1    | Killed an orc knight
  5931 | Orc:1    | Reached skill level 1 in Spellcasting
  5931 | Orc:1    | Reached skill level 1 in Summonings
  5931 | Orc:1    | Reached skill level 1 in Air Magic
  5994 | Orc:1    | Noticed a two-headed ogre
  6000 | Orc:1    | Killed a two-headed ogre
  6000 | Orc:1    | Reached skill level 2 in Spellcasting
  6000 | Orc:1    | Reached skill level 2 in Summonings
  6000 | Orc:1    | Reached skill level 2 in Air Magic
  6014 | Orc:1    | Noticed an orc high priest
  6019 | Orc:1    | Killed an orc high priest
  6019 | Orc:1    | Reached skill level 3 in Spellcasting
  6025 | Orc:1    | Reached ****** piety under Cheibriados
  6030 | Orc:1    | Reached skill level 3 in Summonings
  6030 | Orc:1    | Reached skill level 3 in Air Magic
  6044 | Orc:1    | Noticed an orc sorcerer
  6059 | Orc:1    | Killed an orc sorcerer
  6158 | Orc:2    | Entered Level 2 of the Orcish Mines
  6158 | Orc:2    | Noticed an orc high priest
  6169 | Orc:2    | Killed an orc high priest
  6204 | Orc:2    | Reached skill level 4 in Spellcasting
  6208 | Orc:2    | Reached skill level 4 in Summonings
  6208 | Orc:2    | Reached skill level 4 in Air Magic
  6251 | Orc:2    | Found a staircase to the Elven Halls.
  6414 | Orc:2    | Found a roughly hewn altar of Beogh.
  6427 | Orc:2    | Found Saiddipi's General Store.
  6476 | Orc:2    | Noticed an orc warlord
  6477 | Orc:2    | Gained mutation: You heal very quickly. [Vine Stalker growth]
  6477 | Orc:2    | Reached XP level 12. HP: 53/60 MP: 18/20
  6492 | Orc:2    | Noticed a soul eater
  6499 | Orc:2    | Mangled by an orc warlord

Skill      XL: |  1  2  3  4  5  6  7  8  9 10 11 |
---------------+----------------------------------+-----
Unarmed Combat | 1 2 3 5 7 8 10 12 13 | 13.4
Fighting       | 3 4 5 |  5.4
Dodging        | 2 3 |  3.5
Armour         | 4 |  4.7
Invocations    | 2 3 |  3.7
Spellcasting   | 4 |  4.7
Summonings     | 4 |  4.7
Air Magic      | 4 |  4.0
Crossbows      | |  3.6
Stealth        | |  1.2

Action                   |  1- 3 |  4- 6 |  7- 9 | 10-12 || total
-------------------------+-------+-------+-------+-------++-------
Melee: Short sword       |    51 |    24 |       |       ||    75
       Bite              |    10 |    16 |   122 |   140 ||   288
       Punch             |       |     3 |    15 |    21 ||    39
       Unarmed           |       |    37 |   265 |   242 ||   544
 Fire: Hand crossbow     |    27 |    13 |    18 |    10 ||    68
Throw: Tomahawk          |       |       |     2 |       ||     2
 Cast: Summon Lightning  |       |       |       |     1 ||     1
Invok: Slouch            |       |       |       |     2 ||     2
Evoke: Wand              |     1 |     7 |     3 |    31 ||    42
       Lightning rod     |       |       |       |     4 ||     4
  Use: Scroll            |     3 |     4 |     4 |    10 ||    21
       Potion            |       |       |     1 |     9 ||    10
 Stab: Sleeping          |     2 |     3 |     5 |       ||    10
       Paralysed         |     1 |     6 |       |     3 ||    10
       Distracted        |       |       |     1 |       ||     1
       Invisible         |       |       |       |     9 ||     9
  Eat: Chunk             |       |       |     7 |     5 ||    12
Armor: Ring mail         |    34 |    34 |    52 |    18 ||   138
       Plate armour      |       |       |    20 |    52 ||    72
Dodge: Dodged            |    63 |    38 |    99 |    96 ||   296

Table legend:
 A = Turns spent in this place as a percentage of turns spent in the entire game.
 B = Non-inter-level travel turns spent in this place as a percentage of non-inter-level travel turns spent in the entire game.
 C = Inter-level travel turns spent in this place as a percentage of turns spent in this place.
 D = Turns resting spent in this place as a percentage of non-inter-level travel turns spent in this place.
 E = Turns spent auto-exploring this place as a percentage of non-inter-level travel turns spent in this place.
 F = Non-inter-level travel turns spent in this place divided by the number of levels of this place that you've seen.
                   A       B       C       D       E      F
               +-------+-------+-------+-------+-------+----------------------
         Total | 100.0 | 100.0 |   2.3 |   0.4 |   0.0 | 488.3
       Dungeon |  90.0 |  90.5 |   1.8 |   0.4 |   0.0 | 574.3
        Temple |   1.0 |   0.6 |  45.5 |   0.0 |   0.0 |  36.0
  Orcish Mines |   9.0 |   9.0 |   2.4 |   0.5 |   0.0 | 284.5
               +-------+-------+-------+-------+-------+----------------------

Table legend:
 A = Kills in this place as a percentage of kills in entire the game.
 B = Kills by you in this place as a percentage of kills by you in the entire game.
 C = Kills by friends in this place as a percentage of kills by friends in the entire game.
 D = Other kills in this place as a percentage of other kills in the entire game.
 E = Experience gained in this place as a percentage of experience gained in the entire game.
 F = Experience gained in this place divided by the number of levels of this place that you have seen.
                   A       B       C       D       E      F
               +-------+-------+-------+-------+-------+----------------------
         Total | 100.0 | 100.0 | 100.0 |   N/A | 100.0 | 1425.6
       Dungeon |  76.4 |  77.6 |   0.0 |   N/A |  64.2 | 1189.7
  Orcish Mines |  23.6 |  22.4 | 100.0 |   N/A |  35.8 | 3318.0
               +-------+-------+-------+-------+-------+----------------------

Vault maps used:
D:1:      mushboom_english_gardens
D:2:      hex_large
D:3:      nicolae_dithmenos_through_a_glass_darkly
D:4:      minmay_temple_entry_large_hall, first_ration,
          minmay_misc_feat_nine_boxes, uniq_menkaure, uniq_purgy, uniq_sigmund
D:5:      serial_glass, glass_columns_c, glass_columns_a, due_unseen_surprise,
          feat_on_display, item_on_display_a, basic_altar,
          kennysheep_generic_room_15
D:6:      kennysheep_generic_room_11
D:7:      minmay_misc_feat_hallway, serial_park_tiny_2
D:8:      lair_entry_dummy, hangedman_little_slice_of_home,
          kennysheep_just_a_vault, uniq_prince_ribbit1
D:9:      cheibrodos_ashenzari_chains
D:10:     orc_0_dummy, uniq_maurice, uniq_fannar, uniq_urug, uniq_harold
Temple:   kilobyte_greek_temple
Orc:2:    grunt_orc_community_town_hall, grunt_orc_community_big_house_2,
          grunt_orc_community_big_house_2, grunt_orc_community_house_1,
          grunt_orc_community_house_2, grunt_orc_community_house_1,
          grunt_orc_community_house_2, grunt_orc_community_house_2,
          grunt_orc_community_house_3, serial_shops, shop, basic_altar
